 Dungeon Crawl Stone Soup version 0.25-a0-413-g3b4b6a4ccc (webtiles) character file.

Game seed: 16969506806464241218, levelgen mode: deterministic

1462 MisterFreud the Cutter (level 8, -4/67 HPs)
             Began as a Gnoll Chaos Knight on Jan 15, 2020.
             Was a Plaything of Xom.
             Slain by a hornet (13 damage)
             ... while paralysed by a hornet
             ... on level 7 of the Dungeon.
             The game lasted 00:09:20 (4984 turns).

MisterFreud the Cutter (Gnoll Chaos Knight)         Turns: 4984, Time: 00:09:20

Health: -4/67      AC:  8    Str: 19    XL:     8   Next: 77%
Magic:  13/13      EV:  2    Int: 15    God:    Xom [..*...]
Gold:   401        SH:  0    Dex: 19    Spells: 14/14 levels left

rFire    . . .     SeeInvis .   h - +2 short sword (vamp)
rCold    . . .     Gourm    .   (no shield)
rNeg     . . .     Faith    .   b - +2 leather armour
rPois    .         Spirit   .   o - +1 helmet of Tacaegh {Str+5}
rElec    .         Reflect  .   (no cloak)
rCorr    .         Harm     .   (no gloves)
MR       .....     Clarity  +   (no boots)
Stlth    ++........             (no amulet)
HPRegen  0.21/turn              (no ring)
MPRegen  0.13/turn              (no ring)

@: paralysed
A: distributed training, fangs 1, hooves 1, agile 2, blurry vision 1, clarity,
dopey 1, strong nose
a: Renounce Religion


You were on level 7 of the Dungeon.
You worshipped Xom.
You were a toy of Xom.
You were not hungry.

You visited 1 branch of the dungeon, and saw 7 of its levels.

You collected 401 gold pieces.

Inventory:

Hand Weapons
 a - a +0 short sword of chaos
 h - a +2 vampiric short sword (weapon)
Missiles
 e - 301 stones (quivered)
 f - 39 poisoned darts
 n - 37 sling bullets
 q - 52 bolts
 E - 46 arrows
 F - 2 boomerangs
 I - a throwing net
Armour
 b - a +2 leather armour (worn)
 d - a +0 robe of the Archmagi
 o - the +1 helmet of Tacaegh (worn) {Str+5}
   (You took it off Robin on level 2 of the Dungeon)

   It affects your strength (+5).
Jewellery
 i - an uncursed ring of ice
Wands
 u - a wand of iceblast (10)
 A - a wand of flame (21)
Scrolls
 j - a scroll of enchant armour {unknown}
 p - 2 scrolls of immolation {unknown}
 r - 2 scrolls of fear {unknown}
 t - 5 scrolls of teleportation {unknown}
 w - 2 scrolls of random uselessness {unknown}
 x - a scroll of acquirement {unknown}
 y - 2 scrolls of blinking {unknown}
 C - a scroll of remove curse {unknown}
 D - a scroll of amnesia {unknown}
 G - a scroll of magic mapping {unknown}
Potions
 g - 2 potions of haste
 k - 2 potions of cancellation
 m - a potion of berserk rage
 s - 5 potions of mutation
 v - a potion of magic {unknown}
 z - 3 potions of lignification
 B - a potion of invisibility {unknown}
Comestibles
 c - 10 rations
 H - 3 chunks of flesh


   Skills:
 + Level 7.5 Fighting
 + Level 7.5 Short Blades
 + Level 3.5 Long Blades
 + Level 3.5 Axes
 + Level 3.5 Maces & Flails
 + Level 3.5 Polearms
 + Level 3.5 Staves
 + Level 3.5 Slings
 + Level 3.5 Bows
 + Level 3.5 Crossbows
 + Level 3.5 Throwing
 + Level 5.8 Armour
 + Level 4.4 Dodging
 + Level 3.5 Stealth
 + Level 3.5 Shields
 + Level 3.5 Unarmed Combat
 + Level 3.5 Spellcasting
 + Level 2.8 Conjurations
 + Level 2.8 Hexes
 + Level 2.8 Charms
 + Level 2.8 Summonings
 + Level 2.8 Necromancy
 + Level 2.8 Translocations
 + Level 2.8 Transmutations
 + Level 2.8 Fire Magic
 + Level 2.8 Ice Magic
 + Level 2.8 Air Magic
 + Level 2.8 Earth Magic
 + Level 2.8 Poison Magic
 + Level 3.8 Invocations
 + Level 3.5 Evocations


You had 14 spell levels left.
You didn't know any spells.
Your spell library contained the following spells:

 Spells                   Type           Power        Failure   Level  Hunger
 Sandblast                Erth           ##....       7%          1    None
 Shock                    Conj/Air       ##..         7%          1    None
 Passwall                 Tmut/Erth      ##......     10%         2    ##.....
 Swiftness                Chrm/Air       ##......     10%         2    ##.....
 Static Discharge         Conj/Air       ##......     21%         3    ###....
 Stone Arrow              Conj/Erth      ##....       21%         3    ###....
 Airstrike                Air            ##........   54%         4    ####...
 Petrify                  Tmut/Erth      ##......     54%         4    ####...
 Lee's Rapid Deconstruct  Erth           ##........   88%         5    ######.
 Lightning Bolt           Conj/Air       ##........   88%         5    ######.


Dungeon Overview and Level Annotations

Branches:
Dungeon (7/15)             Temple (0/1) D:5

Altars:
Fedhas
Hepliaklqana
Makhleb
Qazlal
Wu Jian
Xom
Zin
The Shining One


Innate Abilities, Weirdness & Mutations

Your experience applies equally to all skills.
You have very sharp teeth.
Your uncanny sense of smell can sniff out nearby items.
You have large cloven feet.
You are very agile. (Dex +4)
Scrolls take you a little longer to read.
You possess an exceptional clarity of mind.
You are dopey. (Int -2)


Message History

You barely miss the hornet.
The hornet is severely wounded.
You feel sick. The hornet stings you!
* * * LOW HITPOINT WARNING * * *
You feel as though you will be slow longer.
The hornet closely misses you.
You closely miss the hornet. You kick the hornet, but do no damage.
You bite the hornet.
The hornet is almost dead.
* * * LOW HITPOINT WARNING * * *
You feel sick. The hornet barely misses you.
Unknown command.
You feel better. The hornet stings you!
* * * LOW HITPOINT WARNING * * *
You suddenly lose the ability to move!
The hornet stings you but does no damage.
You feel yourself speed up. The hornet stings you!
You die...
Xom snickers!

..#.#.##.....#
#.#
..#.#.########
#.#
...........>#
#.#
..#.#########
#.# ..#.# #.#
..'.# #.#
..### #.# ..#
####.######
..#
#.y@.......#
..#
#.##.....#.#
... ∆ ...
.#....# ###
..... . #..#..
####...!
##...# #....
...# #...# ..
#..


You could see a hornet.

Vanquished Creatures
  Edmund (D:4)
  An ice beast (D:7)
  A phantom (D:5)
  A centaur (D:6)
  2 sky beasts
  An ogre (D:7)
  Blork the orc (D:4)
  2 scorpions
  A crimson imp (D:5)
  3 hounds
  3 orc priests
  2 worker ants
  5 orc wizards
  Ijyb (D:3)
  A hound skeleton (D:7)
  Robin (D:2)
  A howler monkey skeleton (D:7)
  5 adders
  3 shadow imps
  2 oozes
  2 adder skeletons (D:5)
  2 worms
  4 leopard geckos
  34 orcs
  5 giant cockroaches
  8 hobgoblins
  4 jackals
  A quokka (D:7)
  A ball python (D:1)
  8 bats
  8 frilled lizards
  15 goblins
  8 kobolds
  9 rats
147 creatures vanquished.

Vanquished Creatures (others)
  A worm (D:5)
1 creature vanquished.

Grand Total: 148 creatures vanquished

Notes
Turn   | Place    | Note
-------+----------+-------------------------------------------
     0 | D:1      | MisterFreud the Gnoll Chaos Knight began the quest for the
                  | Orb.
     0 | D:1      | Reached XP level 1. HP: 23/23 MP: 1/1
    56 | D:1      | XOM: harmless Summ miscast
    92 | D:1      | Reached XP level 2. HP: 26/29 MP: 2/2
   263 | D:1      | Reached XP level 3. HP: 35/35 MP: 3/3
   617 | D:2      | XOM: cloud trail
   651 | D:2      | Found a faded altar of an unknown god.
   698 | D:2      | Reached skill level 1 in Invocations
   763 | D:2      | XOM: medium Conj miscast
  1000 | D:2      | Found a burning altar of Makhleb.
  1000 | D:2      | Noticed a cacodemon
  1003 | D:2      | Noticed a hellwing
  1003 | D:2      | Noticed a ynoxinul
  1165 | D:2      | XOM: give mutations
  1165 | D:2      | Gained mutation: Scrolls take you a little longer to read.
                  | [Xom's mischief]
  1165 | D:2      | Gained mutation: Armour fits poorly on your strangely
                  | shaped body. [Xom's mischief]
  1165 | D:2      | Lost mutation: Armour fits poorly on your strangely shaped
                  | body. [Xom's mischief]
  1165 | D:2      | Gained mutation: You are dopey. (Int -2) [Xom's mischief]
  1302 | D:2      | Found an ornate altar of the Wu Jian Council.
  1310 | D:2      | Found a glowing golden altar of the Shining One.
  1324 | D:2      | Found a stormy altar of Qazlal.
  1331 | D:2      | Reached skill level 1 in Long Blades
  1331 | D:2      | Reached skill level 1 in Axes
  1331 | D:2      | Reached skill level 1 in Maces & Flails
  1331 | D:2      | Reached skill level 1 in Polearms
  1331 | D:2      | Reached skill level 1 in Staves
  1331 | D:2      | Reached skill level 1 in Slings
  1331 | D:2      | Reached skill level 1 in Bows
  1331 | D:2      | Reached skill level 1 in Crossbows
  1331 | D:2      | Reached skill level 1 in Throwing
  1331 | D:2      | Reached skill level 1 in Stealth
  1331 | D:2      | Reached skill level 1 in Shields
  1331 | D:2      | Reached skill level 1 in Unarmed Combat
  1331 | D:2      | Reached skill level 1 in Spellcasting
  1331 | D:2      | Reached skill level 1 in Evocations
  1339 | D:2      | Found a hazy altar of Hepliaklqana.
  1339 | D:2      | Identified the +1 helmet of Tacaegh {Str+5}
  1339 | D:2      | Noticed Robin
  1339 | D:2      | XOM: smoke on damage
  1343 | D:2      | Reached XP level 4. HP: 26/41 MP: 5/5
  1387 | D:2      | Killed Robin
  1634 | D:2      | XOM: cloud trail
  1886 | D:3      | XOM: give mutations
  1886 | D:3      | Gained mutation: You are agile. (Dex +2) [Xom's grace]
  1886 | D:3      | Gained mutation: You are very agile. (Dex +4) [Xom's grace]
  1886 | D:3      | Gained mutation: You possess an exceptional clarity of
                  | mind. [Xom's grace]
  1886 | D:3      | Gained mutation: You have large cloven feet. [Xom's grace]
  1949 | D:3      | Reached skill level 1 in Conjurations
  1949 | D:3      | Reached skill level 1 in Hexes
  1949 | D:3      | Reached skill level 1 in Charms
  1949 | D:3      | Reached skill level 1 in Summonings
  1949 | D:3      | Reached skill level 1 in Necromancy
  1949 | D:3      | Reached skill level 1 in Translocations
  1949 | D:3      | Reached skill level 1 in Transmutations
  1949 | D:3      | Reached skill level 1 in Fire Magic
  1949 | D:3      | Reached skill level 1 in Ice Magic
  1949 | D:3      | Reached skill level 1 in Air Magic
  1949 | D:3      | Reached skill level 1 in Earth Magic
  1949 | D:3      | Reached skill level 1 in Poison Magic
  1949 | D:3      | Reached XP level 5. HP: 39/47 MP: 6/6
  2018 | D:3      | XOM: fog
  2070 | D:3      | XOM: scenery: create altars
  2123 | D:3      | Noticed Ijyb
  2158 | D:3      | Killed Ijyb
  2188 | D:3      | Found a glowing silver altar of Zin.
  2189 | D:3      | Noticed an angel
  2595 | D:3      | XOM: god gift: runed robe {god gift}
  2682 | D:4      | XOM: potion effect (heal wounds)
  2697 | D:4      | Reached XP level 6. HP: 38/53 MP: 8/8
  2699 | D:4      | XOM: harmless Chrm miscast
  2720 | D:4      | XOM: fog
  2768 | D:4      | XOM: scenery: create altars
  3005 | D:4      | Reached skill level 5 in Armour
  3026 | D:4      | Noticed Blork the orc
  3039 | D:4      | Killed Blork the orc
  3302 | D:4      | XOM: god gift: 13 gold pieces
  3322 | D:4      | Reached XP level 7. HP: 59/59 MP: 10/10
  3399 | D:4      | Noticed Edmund
  3402 | D:4      | XOM: destruction
  3415 | D:4      | Killed Edmund
  3535 | D:5      | Entered Level 5 of the Dungeon
  3577 | D:5      | XOM: divine lightning
  3622 | D:5      | Found a blossoming altar of Fedhas.
  3692 | D:5      | Found a staircase to the Ecumenical Temple.
  3758 | D:5      | XOM: scenery: create altars
  3776 | D:5      | XOM: scenery: create altars
  3866 | D:5      | Reached XP level 8. HP: 67/67 MP: 12/12
  3918 | D:5      | XOM: divination: detect items
  4029 | D:6      | XOM is BORED!
  4029 | D:6      | XOM: 3-stop teleportation journey
  4123 | D:6      | XOM: confuse monster(s)
  4127 | D:6      | XOM: cast spell 'Call Canine Familiar'
  4465 | D:6      | XOM: harmless Ice miscast
  4683 | D:6      | XOM: noise
  4958 | D:7      | Noticed a hornet
  4971 | D:7      | XOM: harmless Necr miscast
  4978 | D:7      | Paralysed by a hornet for 3 turns
  4983 | D:7      | Paralysed by a hornet for 3 turns
  4984 | D:7      | Slain by a hornet

Levels and vault maps discovered:
D:1:      nicolae_arrival_memento_mori, layout_rooms
D:2:      layout_basic, grunt_temple_overflow_cloverleaf,
          chequers_ecumenical_altar_simple_redux, first_ration,
          makhleb_altar_promises_db, uniq_robin
D:3:      layout_basic, zin_angel, uniq_ijyb
D:4:      layout_rooms, hex_large, nrook_campfire, uniq_blork_the_orc,
          uniq_edmund
D:5:      layout_rooms, lemuel_doored_altar, minmay_temple_entry_crystal_x
D:6:      layout_loops_ring
D:7:      layout_basic, grunt_decor_one_mirror, minmay_misc_feat_chi,
          minmay_misc_feat_iff, grunt_ogre_cave, kennysheep_generic_room_11

Skill      XL: |  1  2  3  4  5  6  7  8 |
---------------+-------------------------+-----
Invocations    | 1 2 3 |  3.8
Long Blades    | 1 2 3 |  3.5
Axes           | 1 2 3 |  3.5
Maces & Flails | 1 2 3 |  3.5
Polearms       | 1 2 3 |  3.5
Staves         | 1 2 3 |  3.5
Slings         | 1 2 3 |  3.5
Bows           | 1 2 3 |  3.5
Crossbows      | 1 2 3 |  3.5
Throwing       | 1 2 3 |  3.5
Stealth        | 1 2 3 |  3.5
Shields        | 1 2 3 |  3.5
Unarmed Combat | 1 2 3 |  3.5
Spellcasting   | 1 2 3 |  3.5
Evocations     | 1 2 3 |  3.5
Conjurations   | 1 2 |  2.8
Hexes          | 1 2 |  2.8
Charms         | 1 2 |  2.8
Summonings     | 1 2 |  2.8
Necromancy     | 1 2 |  2.8
Translocations | 1 2 |  2.8
Transmutations | 1 2 |  2.8
Fire Magic     | 1 2 |  2.8
Ice Magic      | 1 2 |  2.8
Air Magic      | 1 2 |  2.8
Earth Magic    | 1 2 |  2.8
Poison Magic   | 1 2 |  2.8
Dodging        | 3 4 |  4.4
Armour         | 5 |  5.8
Fighting       | 7 |  7.5
Short Blades   | 7 |  7.5

Action                   |  1- 3 |  4- 6 |  7- 9 || total
-------------------------+-------+-------+-------++-------
Melee: Short sword       |   112 |   207 |   211 ||   530
       Bite              |     9 |    26 |    28 ||    63
       Punch             |     1 |     1 |     3 ||     5
       Kick              |       |    50 |    88 ||   138
Evoke: Wand              |       |       |     1 ||     1
  Use: Scroll            |       |       |     6 ||     6
       Potion            |       |       |     1 ||     1
 Stab: Sleeping          |       |       |     2 ||     2
       Distracted        |       |       |     1 ||     1
  Eat: Chunk             |     1 |     7 |     5 ||    13
Armor: Leather armour    |    30 |    40 |    28 ||    98
Dodge: Dodged            |    60 |    78 |    96 ||   234

Table legend:
 A = Non-vault XP
 B = Vault XP
 C = Vault XP percentage of total XP
 D = Non-vault monster count
 E = Vault monster count
 F = Vault count percentage of total count
                 A         B        C        D         E       F
            +---------+---------+-------+---------+---------+-------
      Total |    1545 |     544 |  26.0 |     130 |      17 |  11.6
            +---------+---------+-------+---------+---------+-------
        D:1 |      45 |       0 |   0.0 |      29 |       0 |   0.0
        D:2 |      39 |      37 |  48.7 |      15 |      12 |  44.4
        D:3 |     125 |      33 |  20.9 |      22 |       1 |   4.3
        D:4 |     325 |     222 |  40.6 |      22 |       2 |   8.3
        D:5 |     509 |       0 |   0.0 |      20 |       0 |   0.0
        D:6 |     352 |       0 |   0.0 |      12 |       0 |   0.0
        D:7 |     150 |     252 |  62.7 |      10 |       2 |  16.7
            +---------+---------+-------+---------+---------+-------
